 Dungeon Crawl Stone Soup version 0.17-a0-186-g8d083fd (webtiles) character file.

49 Tabbe the Sneak (level 3, -3/18 HPs)
             Began as a Vine Stalker Assassin on Mar 27, 2015.
             Was an Initiate of Gozag.
             Slain by an orc wizard
             ... wielding a +0 dagger
              (5 damage)
             ... on level 4 of the Dungeon.
             The game lasted 00:02:34 (1459 turns).

Tabbe the Sneak (Vine Stalker Assassin)             Turns: 1459, Time: 00:02:34

Health: -3/18      AC:  4    Str: 13    XL:     3   Next: 77%
Magic:  0/4        EV: 12    Int: 11    God:    Gozag
Gold:   123        SH:  0    Dex: 16    Spells: 0 memorised, 2 levels left

rFire  . . .     SeeInvis .     a - +2 dagger
rCold  . . .     Clarity  .     c - +0 robe
rNeg   . . .     SustAb   .     (no shield)
rPois  .         Gourm    .     h - +0 helmet
rElec  .         Spirit   +     d - +0 cloak
rCorr  .         Warding  .     (no gloves)
rMut   .         Stasis   .     (no boots)
MR     .....                    (no amulet)
Stlth  +++.......               (no ring)
                                (no ring)

@: flying, not resistant to hostile enchantments, fairly stealthy
A: fangs 2, regeneration 1, magic shield, antimagic bite, no device heal 3, rot
immunity
a: Potion Petition, Call Merchant, Bribe Branch, Renounce Religion


You were on level 4 of the Dungeon.
You worshipped Gozag.
Gozag was noncommittal.
You were near starving.

You visited 1 branch of the dungeon, and saw 4 of its levels.

You collected 211 gold pieces.
You paid 88 gold pieces to Gozag.

Inventory:

Hand weapons
 a - a +2 dagger (weapon)
 b - a +0 blowgun
Missiles
 e - 8 poisoned needles
 f - 2 curare-tipped needles
Armour
 c - a +0 robe (worn)
 d - a +0 cloak (worn)
 h - a +0 helmet (worn)
Scrolls
 k - a scroll of remove curse {unknown}
 o - a scroll of immolation {unknown}
 p - 2 scrolls of teleportation {unknown}
 s - 5 scrolls of identify {unknown}
 t - a scroll of magic mapping {unknown}
 v - a scroll of enchant weapon {unknown}
 w - a scroll of amnesia {unknown}
Potions
 i - a potion of flight
 l - a potion of haste {unknown}
 m - a potion of magic
 n - 4 potions of curing {unknown}
 r - a potion of lignification {unknown}
 u - a potion of ambrosia {unknown}
Comestibles
 g - 3 bread rations
 j - a slice of pizza
 q - 2 meat rations


   Skills:
 - Level 1.7 Fighting
 + Level 2.8 Short Blades
 - Level 1.7 Throwing
 + Level 1.2 Dodging
 + Level 5.5 Stealth


You had 2 spell levels left.
You didn't know any spells.

Dungeon Overview and Level Annotations

Branches:
Dungeon (4/15)
 Temple: D:4-7

Altars:
Cheibriados
Gozag
Trog

Annotations:
D:3 Tabbe's ghost, average OgBe


Innate Abilities, Weirdness & Mutations

You have extremely sharp teeth.
Your natural rate of healing is unusually fast.
When hurt, damage is shared between your health and your magic reserves.
Your bite disrupts and absorbs the magic of your enemies.
Potions and wands cannot restore your health.
You are immune to rotting.


Message History

It was a potion of flight.
You feel very buoyant.
You fly up into the air.
Drink which item? (? for menu, Esc to quit)
It was a potion of magic.
Magic courses through your body. The orc wizard hits you with a dagger.
You hit the orc wizard. You bite the orc wizard.
The orc wizard's magic leaks into the air.
You drain its magic.
The orc wizard is moderately wounded.
The orc wizard misses you.
You hit the orc wizard but do no damage.
Your bite misses the orc wizard.
The orc wizard is moderately wounded.
The orc priest calls down the wrath of Beogh upon you.
Something smites you!
* * * LOW HITPOINT WARNING * * *
The orc wizard hits you with a dagger.
You die...
Your body crumbles into a pile of gold.

#........ .
#........#
... #.#.....#
$ ....
#.#.....#
#...#.#.....#
#.....o....#
#.$oo# #.##o#
#
..#.#.##@#.#
........<..#
##....##..##
#... #..# .#.
#.## . ..#
..# ###


You could see an orc priest, an orc wizard and 2 orcs.

Vanquished Creatures
  2 giant geckos
  An orc (D:3)
  2 ball pythons
  2 bats
  3 giant cockroaches
  7 goblins
  6 hobgoblins
  5 jackals
  2 giant newts
  4 kobolds
  5 rats
39 creatures vanquished.

Vanquished Creatures (others)
  A giant cockroach (D:4)
1 creature vanquished.

Grand Total: 40 creatures vanquished

Notes
Turn   | Place    | Note
--------------------------------------------------------------
     0 | D:1      | Tabbe, the Vine Stalker Assassin, began the quest for the Orb.
     0 | D:1      | Reached XP level 1. HP: 11/11 MP: 1/1
   188 | D:1      | Reached skill level 5 in Stealth
   229 | D:1      | Reached skill level 1 in Dodging
   229 | D:1      | Reached XP level 2. HP: 15/15 MP: 3/3
   857 | D:2      | Reached XP level 3. HP: 16/18 MP: 4/4
   863 | D:2      | Found a bloodstained altar of Trog.
  1000 | D:2      | Found an opulent altar of Gozag.
  1008 | D:2      | Became a worshipper of Gozag Ym Sagoz the Greedy
  1218 | D:2      | Found a snail-covered altar of Cheibriados.
  1419 | D:3      | Noticed Tabbe's ghost (average OgBe)
  1459 | D:4      | Slain by an orc wizard

Action                   || total
-------------------------++-------
Melee: Dagger            ||   107
  Use: Potion            ||     2
 Stab: Sleeping          ||    10
